 Dungeon Crawl Stone Soup version 0.29-a0-322-g68df515428 (webtiles) character file.

Game seed: 5743440084301686001

6 calli0pe the Slasher (level 1, 0/14 HPs)
             Began as a Tengu Berserker on Apr 8, 2022.
             Was a Follower of Trog.
             Slain by Ijyb
             ... wielding a +0 dagger
              (3 damage)
             ... on level 4 of the Dungeon.
             The game lasted 00:00:57 (172 turns).

calli0pe the Slasher (Tengu Berserker)               Turns: 172, Time: 00:00:57

Health: 0/14       AC:  2    Str: 17    XL:     1   Next: 90%
Magic:  2/2        EV: 12    Int:  7    God:    Trog [*.....]
Gold:   33         SH:  0    Dex: 13    Spells: 0/0 levels left

rFire   . . .      SeeInvis .   a - +0 falchion
rCold   . . .      Faith    .   (no shield)
rNeg    . . .      Spirit   .   b - +0 animal skin
rPois   +          Reflect  .   (helmet restricted)
rElec   .          Harm     .   (no cloak)
rCorr   .          Rampage  .   (no gloves)
Will    .....                   (boots unavailable)
Stlth   +.........              (no amulet)
HPRegen 0.04/turn               c - ring of poison resistance
MPRegen 0.08/turn               (no ring)

@: no status effects
A: beak, talons 3
a: Renounce Religion, Berserk


You were on level 4 of the Dungeon.
You worshipped Trog.
Trog was aware of your devotion.
You visited 1 branch of the dungeon, and saw 3 of its levels.

You collected 33 gold pieces.

Inventory:

Hand Weapons
 a - a +0 falchion (weapon)
Armour
 b - a +0 animal skin (worn)
Jewellery
 c - a ring of poison resistance (left hand)
Scrolls
 d - a scroll of blinking {unknown}
 e - a scroll of immolation {unknown}


   Skills:
 + Level 3.1 Fighting
 + Level 3.5 Long Blades
 + Level 2.2 Armour
 + Level 2.2 Dodging


You couldn't memorise any spells.
You didn't know any spells.
Your spell library was empty.

Dungeon Overview and Level Annotations

Branches:
Dungeon (2/15)

Altars:

Annotations:
D:4 Ijyb


Innate Abilities, Weirdness & Mutations

You have a beak for a mouth.
You have claws for feet.


Message History

The dart slug bites you.
You hit the dart slug.
The dart slug is moderately wounded.
The dart slug bites you.
You hit the dart slug but do no damage.
You claw the dart slug, but do no damage.
You peck the dart slug.
The dart slug is severely wounded.
The dart slug barely misses you.
You hit the dart slug.
You kill the dart slug!
Trog accepts your kill.
You see here a dart slug corpse.
Things that are here:
a +0 dagger; an orc corpse
Found a scroll labelled KOH JOKHLEMM.
Found an escape hatch in the ceiling.
Found 12 gold pieces.
e - a scroll labelled KOH JOKHLEMM Ijyb the Twisted Goblin comes into view.
She is wielding a +0 dagger, wearing a +1 scale mail of fire resistance and carrying a wand of iceblast (8).
Ijyb shouts!
You see here 12 gold pieces.
You see here 12 gold pieces.
You now have 33 gold pieces (gained 12).
Ijyb screams, "I cut your head off!" Ijyb misses you.
You hit Ijyb but do no damage. You claw Ijyb. You peck Ijyb.
Ijyb is lightly wounded.
Ijyb closely misses you.
You closely miss Ijyb. You peck Ijyb, but do no damage.
Ijyb is lightly wounded.
Ijyb hits you with a +0 dagger.
You closely miss Ijyb. Your kick misses Ijyb.
Ijyb is lightly wounded.
Ijyb hits you with a +0 dagger.
* * * LOW HITPOINT WARNING * * *
Ijyb hits you but does no damage.
You hit Ijyb. You claw Ijyb. You peck Ijyb, but do no damage.
Ijyb is heavily wounded.
Ijyb hits you with a +0 dagger.
You die...

#<##### #.. ..# ###)#
#.# # #### #...# #.# .#
...###...###.# ..#
....##.......#######...#
.....#.....#.#..........
...†....#...............
....)#.##.##.#..@g......
....##.......#######...#
...######.#### .# ####
#.# ..#


You could see Ijyb.

Vanquished Creatures
  A dart slug (D:4)
  An orc (D:4)
  A kobold (D:1)
3 creatures vanquished.

Notes
Turn   | Place    | Note
-------+----------+-------------------------------------------
     0 | D:1      | calli0pe the Tengu Berserker began the quest for the Orb.
     0 | D:1      | Reached XP level 1. HP: 14/14 MP: 2/2
   134 | D:2      | You fall into a shaft and drop 2 floors!
   163 | D:4      | Noticed Ijyb
   172 | D:4      | Slain by Ijyb

Illustrated notes

Levels and vault maps discovered:
D:1:      elethiomel_arrival_infinity_welcomes_careful_drivers, layout_basic,
          minmay_misc_feat_doors, minmay_bisected
D:2:      layout_loops_ring, shapermc_ecumenical_altar_notcrosses
D:4:      minmay_clustersquares, layout_loops_cross,
          nicolae_overflow_hidden_temple, uniq_ijyb

Action                   || total
-------------------------++-------
Melee: Falchion          ||    13
       Peck              ||     5
       Kick              ||     4
Armor: Animal skin       ||     2
Dodge: Dodged            ||     5

Table legend: (Time is in decaauts)
 A = Elapsed time spent in this place.
 B = Non-inter-level travel time spent in this place.
 C = Inter-level travel time spent in this place.
 D = Time resting spent in this place.
 E = Time spent auto-exploring this place.
 F = Levels seen in this place.
 G = Mean time per level.
                   A        B        C        D        E       F      G
               +--------+--------+--------+--------+--------+-----+--------+
         Total |    172 |    172 |      0 |      0 |      0 |   3 |   57.3 |
       Dungeon |    172 |    172 |      0 |      0 |      0 |   3 |   57.3 |
               +--------+--------+--------+--------+--------+-----+--------+

Top non-repeatable levels by time:
     D:1: 83 daAuts
     D:2: 50 daAuts
     D:4: 38 daAuts
